 Dungeon Crawl Stone Soup version 0.28-a0-577-gb193047a1f (webtiles) character file.

Game seed: 14316700961000602722

7634 iamoutofideas the Severer (level 11, -6/91 HPs)
             Began as a Hill Orc Fighter on Oct 2, 2021.
             Was a Priest of Makhleb.
             Killed from afar by an electric eel (11 damage)
             ... with a bolt of electricity
             ... on level 11 of the Dungeon.
             The game lasted 00:15:32 (14978 turns).

iamoutofideas the Severer (Hill Orc Fighter)       Turns: 14978, Time: 00:15:32

Health: -6/91      AC: 18    Str: 31    XL:     11   Next: 18%
Magic:  11/11      EV: 13    Int:  8    God:    Makhleb [***...]
Gold:   907        SH:  4    Dex:  9    Spells: 10/10 levels left

rFire   . . .      SeeInvis .   a - +1 war axe
rCold   + . .      Faith    .   c - +0 buckler
rNeg    . . .      Spirit   .   r - +2 chain mail {rC+}
rPois   +          Reflect  .   L - +2 helmet of Fortitude {rPois rCorr Str+4 Dex-3}
rElec   .          Harm     .   H - +0 cloak
rCorr   +          Rampage  .   (no gloves)
Will    .....                   h - +0 pair of boots
Stlth   ..........              (no amulet)
HPRegen 0.25/turn               w - ring of the Cast Vote {rPois EV+4 Str+4 Dex+2}
MPRegen 0.12/turn               m - ring of resist corrosion

@: no status effects
A: no striking features
a: Renounce Religion, Minor Destruction, Lesser Servant of Makhleb


You were on level 11 of the Dungeon.
You worshipped Makhleb.
Makhleb was most pleased with you.
You visited 2 branches of the dungeon, and saw 13 of its levels.
You also visited: Bailey.

You collected 907 gold pieces.

Inventory:

Hand Weapons
 a - a +1 war axe (weapon)
Missiles
 u - a throwing net (quivered)
Armour
 b - +0 steam dragon scales
 c - a +0 buckler (worn)
 h - a +0 pair of boots (worn)
 r - a +2 chain mail of cold resistance (worn)
 y - a +0 buckler
 F - a +0 kite shield
 H - a +0 cloak (worn)
 K - a +0 troll leather armour
 L - the +2 helmet of Fortitude (worn) {rPois rCorr Str+4 Dex-3}
   (You found it in a bailey)

   Str:       It affects your strength (+4).
   Dex:       It affects your dexterity (-3).
   rPois:     It protects you from poison.
   rCorr:     It protects you from acid and corrosion.
 M - +0 ice dragon scales
Jewellery
 g - a ring of positive energy
 m - a ring of resist corrosion (right hand)
 o - a +4 ring of protection
 s - a ring of poison resistance
 w - the ring of the Cast Vote (left hand) {rPois EV+4 Str+4 Dex+2}
   (You took it off an orc on level 8 of the Dungeon)

   [ring of evasion]

   EV:        It affects your evasion (+4).
   Str:       It affects your strength (+4).
   Dex:       It affects your dexterity (+2).
   rPois:     It protects you from poison.
 z - a ring of flight
 J - a ring of ice
Wands
 n - a wand of iceblast (16)
 v - a wand of digging (7)
 E - a wand of flame (25)
Scrolls
 k - 3 scrolls of amnesia
 l - 4 scrolls of enchant armour
 A - 2 scrolls of enchant weapon
Potions
 d - a potion of might
 f - a potion of resistance {unknown}
 i - a potion of brilliance {unknown}
 q - a potion of magic {unknown}
 t - 3 potions of lignification
 x - a potion of haste {unknown}
 C - 2 potions of attraction
 D - a potion of flight
 G - a potion of ambrosia {unknown}
 I - a potion of invisibility {unknown}


   Skills:
 + Level 6.6 Fighting
 + Level 18.6 Axes
 + Level 6.5 Armour
 + Level 2.4 Dodging
 - Level 0.2 Stealth
 + Level 4.9 Shields


You had 10 spell levels left.
You didn't know any spells.
Your spell library contained the following spells:

 Spells                   Type           Power      Damage    Failure   Level
 Freeze                   Ice            0%         1d3       88%         1
 Sting                    Tmut/Pois      0%         1d3       88%         1
 Summon Small Mammal      Summ           0%         N/A       88%         1
 Poisonous Vapours        Pois/Air       0%         N/A       95%         2
 Slow                     Hex            0%         N/A       95%         2
 Call Canine Familiar     Summ           0%         N/A       99%         3
 Confusing Touch          Hex            0%         N/A       99%         3
 Frozen Ramparts          Ice            0%         1d2       99%         3
 Summon Guardian Golem    Hex/Summ       0%         N/A       99%         3
 Vampiric Draining        Necr           0%         2d6       99%         3
 Hailstorm                Conj/Ice       0%         3d3       100%        4
 Olgreb's Toxic Radiance  Pois           0%         N/A       100%        4
 Blade Hands              Tmut           0%         N/A       100%        5
 Irradiate                Conj/Tmut      0%         3d13      100%        5
 Dragon Form              Tmut           0%         N/A       100%        7


Dungeon Overview and Level Annotations

Branches:
Dungeon (12/15)            Temple (1/1) D:4            Lair (0/6) D:11
    Orc (0/2) D:9          Bailey (visited)

Altars:
Ashenzari
Cheibriados
Dithmenos
Elyvilon
Fedhas
Gozag
Hepliaklqana
Kikubaaqudgha
Makhleb
Nemelex Xobeh
Okawaru
Qazlal
Ru
Sif Muna
Trog
Uskayaw
Vehumet
Wu Jian
Xom
Yredelemnul
Zin
The Shining One

Shops:
D:1 =   D:10 (   D:11 :

Annotations:
D:10 3 runed translucent doors, speeev33's ghost, journeyman GrFi


Message History

[Y]es or [N]o only, please.
Really walk into that teleport trap? [Y]es or [N]o only, please.
Really walk into that teleport trap? [Y]es or [N]o only, please.
Really walk into that teleport trap? [Y]es or [N]o only, please.
Really walk into that teleport trap? [Y]es or [N]o only, please.
Really walk into that teleport trap?
You enter a teleport trap!
The teleport trap disappears.
Your surroundings suddenly seem different.
The centaur wields a +0 shortbow.
The centaur shoots an arrow.
The arrow barely misses you.
The electric eel shoots out a bolt of lightning at you!
The bolt of electricity misses you.
Okay, then.
You feel much better.
The centaur shoots an arrow.
The arrow hits you but does no damage.
The centaur shoots an arrow.
The arrow hits you!
* * * LOW HITPOINT WARNING * * *
The centaur shoots an arrow.
You block the arrow.
The electric eel shoots out a bolt of lightning at you!
The bolt of electricity hits you!
* * * LOW HITPOINT WARNING * * *
Okay, then.
Okay, then.
Okay, then.
You feel better.
The centaur shoots an arrow.
The arrow barely misses you.
The centaur shoots an arrow.
The arrow hits you.
* * * LOW HITPOINT WARNING * * *
The electric eel shoots out a bolt of lightning at you!
The bolt of electricity hits you!
* * * LOW HITPOINT WARNING * * *
The centaur shoots an arrow.
The arrow barely misses you.
Okay, then.
Okay, then.
The electric eel shoots out a bolt of lightning at you!
The bolt of electricity hits you!
You die...

##### #...##### #########
#.......###.......#
#..#...........#..#
#.[..#.......#....#
#......#...#......#
#........#........####
######...)..).#............
#######.........@.#...#.c...####.
......))........#.......#........
###..##...).#.#...........#..###.
# ##.#>............#.#.......# #
#....≈≈≈≈...≈≈≈≈≈.........# #
##.≈≈≈≈≈≈≈≈≈≈≈≈≈≈S≈≈≈≈≈≈S≈≈ #
#≈≈≈≈≈≈≈≈≈≈≈≈≈≈≈≈≈≈S≈≈≈≈≈≈S
#####≈≈≈≈≈≈S≈≈≈≈≈≈≈≈≈≈≈≈≈≈≈≈≈≈≈≈
..#≈≈≈≈≈≈≈#≈≈≈≈≈≈≈≈≈≈≈#≈≈≈≈≈≈≈≈≈


You could see 3 electric eels.

Vanquished Creatures
  A two-headed ogre (D:9)
  A cyclops (D:11)
  A kobold demonologist (D:11)
  A troll (D:11)
  2 hornets
  Sigmund (D:3)
  A shadow (D:6)
  A water elemental (D:11)
  A wraith (D:8)
  2 steam dragons (D:8)
  A vampire mosquito (D:7)
  2 acid dragons
  3 water moccasins
  A sky beast (D:5)
  An ice beast (D:8)
  8 orc warriors
  The ghost of MikuNakano the Sneak, an amateur FeAE (D:4)
  2 black bears
  A necrophage (D:7)
  2 phantoms
  7 centaurs
  A kobold brigand (D:7)
  A bullfrog (D:7)
  A gnoll sergeant (D:7)
  A wyvern zombie (D:8)
  5 scorpions
  A water moccasin skeleton (D:7)
  5 wights
  5 killer bees
  3 howler monkeys (D:7)
  An electric eel (D:11)
  A bullfrog zombie (D:5)
  3 centaur skeletons
  6 orc priests
  A gnoll shaman (D:7)
  4 hounds
  2 jellies
  A bullfrog skeleton (D:5)
  3 iguanas
  8 orc wizards
  2 killer bee zombies
  A howler monkey zombie (D:9)
  9 gnolls
  5 adders
  2 white imps
  2 ufetubi
  An adder skeleton (D:4)
  2 worms
  3 dart slugs
  54 orcs
  7 bats
  10 endoplasms
  3 giant cockroaches
  14 goblins
  11 hobgoblins
  3 jackals (D:3)
  7 kobolds
  7 quokkas
  8 ball pythons
  3 frilled lizards
  5 rats
253 creatures vanquished.

Vanquished Creatures (others)
  An ugly thing (D:10)
  An orc (D:11)
  5 plants
7 creatures vanquished.

Grand Total: 260 creatures vanquished

Notes
Turn   | Place    | Note
-------+----------+-------------------------------------------
     0 | D:1      | iamoutofideas the Hill Orc Fighter began the quest for the
                  | Orb.
     0 | D:1      | Reached XP level 1. HP: 19/19 MP: 1/1
   230 | D:1      | Reached XP level 2. HP: 27/27 MP: 2/2
   388 | D:1      | Reached skill level 3 in Axes
   814 | D:1      | Reached XP level 3. HP: 28/33 MP: 3/3
   913 | D:1      | Found Tyxtoduod's Jewellery Boutique.
  1449 | D:2      | Found a faded altar of an unknown god.
  1499 | D:2      | Reached XP level 4. HP: 40/40 MP: 4/4
  1543 | D:2      | Reached skill level 4 in Axes
  2294 | D:3      | Reached XP level 5. HP: 41/46 MP: 5/5
  2297 | D:3      | Reached skill level 1 in Dodging
  2678 | D:3      | Reached skill level 5 in Axes
  2759 | D:3      | Noticed a black bear
  2768 | D:3      | Killed a black bear
  2769 | D:3      | Reached XP level 6. HP: 37/53 MP: 6/6
  3090 | D:3      | Noticed Sigmund
  3123 | D:3      | Killed Sigmund
  3124 | D:3      | Reached skill level 6 in Axes
  3687 | D:4      | Reached XP level 7. HP: 60/60 MP: 7/7
  3841 | D:4      | Reached skill level 5 in Armour
  3910 | D:4      | Reached skill level 5 in Fighting
  4053 | D:4      | Reached skill level 7 in Axes
  4511 | D:4      | Found a staircase to the Ecumenical Temple.
  4536 | Temple   | Entered the Ecumenical Temple
  4691 | Temple   | Became a worshipper of Makhleb the Destroyer
  4907 | D:4      | Found a runed translucent gate.
  4908 | D:4      | Found a runed translucent gate.
  4908 | D:4      | Found a runed translucent gate.
  4913 | D:4      | Noticed MikuNakano's ghost (amateur FeAE)
  5122 | D:5      | Entered Level 5 of the Dungeon
  5179 | D:4      | Killed MikuNakano's ghost
  5180 | D:4      | Reached skill level 8 in Axes
  5250 | D:5      | Reached XP level 8. HP: 68/68 MP: 8/8
  5323 | D:5      | Reached skill level 9 in Axes
  5845 | D:5      | Reached skill level 10 in Axes
  6231 | D:6      | Reached skill level 11 in Axes
  6373 | D:6      | Noticed a shadow
  6386 | D:6      | Killed a shadow
  6387 | D:6      | Reached skill level 12 in Axes
  6643 | D:6      | Reached XP level 9. HP: 56/74 MP: 9/9
  6819 | D:6      | Reached * piety under Makhleb
  7232 | D:6      | Found a white marble altar of Elyvilon.
  7305 | D:7      | Reached skill level 13 in Axes
  7902 | D:7      | Reached skill level 14 in Axes
  7931 | D:7      | Reached ** piety under Makhleb
  8449 | D:7      | Reached skill level 15 in Axes
  9375 | D:7      | Reached XP level 10. HP: 29/81 MP: 10/10
  9604 | D:8      | Reached skill level 16 in Axes
 10126 | D:8      | HP: 1/81 [steam dragon/ball of steam (17)]
 10270 | D:8      | Identified the ring of the Cast Vote {rPois EV+4 Str+4
                  | Dex+2}
 10785 | D:8      | Reached skill level 17 in Axes
 11175 | D:9      | Noticed a two-headed ogre
 11184 | D:9      | Killed a two-headed ogre
 11532 | D:9      | Reached skill level 18 in Axes
 11652 | D:9      | Found a staircase to the Orcish Mines.
 12002 | D:9      | Noticed a centaur warrior
 12005 | D:9      | Noticed a tengu warrior
 12148 | D:10     | Entered Level 10 of the Dungeon
 12192 | D:10     | Found a runed translucent gate.
 12342 | D:10     | Found a runed translucent gate.
 12342 | D:10     | Noticed speeev33's ghost (journeyman GrFi)
 12343 | D:10     | Found a runed translucent gate.
 12345 | D:10     | Noticed a ten-headed hydra
 12829 | D:10     | Noticed a harpy
 12829 | D:10     | Noticed a cyclops
 12831 | D:10     | Noticed a deep elf pyromancer
 12831 | D:10     | Noticed a red ugly thing
 12842 | D:10     | Noticed a purple ugly thing
 12842 | D:10     | Noticed an orc knight
 12842 | D:10     | Noticed a cyan ugly thing
 12842 | D:10     | Noticed a cyclops
 12935 | D:10     | Found Opti Fea's Antique Weapon Shop.
 13273 | D:10     | Killed a purple ugly thing
 13281 | D:11     | Found Wunieneo's Book Emporium.
 13442 | D:11     | Noticed a kobold demonologist
 13449 | D:11     | Killed a kobold demonologist
 13450 | D:11     | Reached XP level 11. HP: 81/89 MP: 11/11
 13479 | D:11     | Found a flagged portal.
 13504 | Bailey   | Entered a bailey
 13617 | Bailey   | Reached *** piety under Makhleb
 13646 | Bailey   | Noticed an orc knight
 13885 | Bailey   | Identified the +2 helmet of Fortitude {rPois rCorr Str+4
                  | Dex-3}
 14273 | D:11     | Noticed a cyclops
 14314 | D:12     | Noticed a two-headed ogre
 14474 | D:11     | Found a staircase to the Lair.
 14902 | D:11     | Killed a cyclops
 14976 | D:11     | HP: 4/91 [electric eel/bolt of electricity (13)]
 14978 | D:11     | Killed from afar by an electric eel

Illustrated notes

Levels and vault maps discovered:
D:1:      dpeg_arrival_central, layout_loops_corners, serial_shops, shop,
          minmay_heptomino_l4
D:2:      layout_basic, chequers_ecumenical_altar_simple, nrook_loot_triangle,
          grunt_ministairs_12
D:3:      cheibrodos_greedy_goblins, layout_loops_cross, uniq_sigmund
D:4:      layout_loops_ring, minmay_temple_entry_nine_rooms,
          ebering_ghost_rock_garden, minmay_ruptured
D:5:      layout_basic, roderic_roman_lattice
D:6:      layout_basic, nicolae_elyvilon_temple_path, nicolae_sextant,
          kennysheep_generic_room_2
D:7:      minmay_clustersquares, layout_loops_ring
D:8:      layout_loops_ring, st_stairs_9, grunt_ministairs_1
D:9:      minmay_sliced_demisemicircle, layout_loops_ring, david_orc_3
D:10:     layout_loops_cross, gammafunk_ghost_hydra_chop, nicolae_stop_n_shop_1,
          minmay_misc_feat_five, minivault_12
D:11:     layout_basic, lair_entry_dummy, serial_shops, nicolae_diamond_shop,
          enter_bailey_4, minmay_misc_feat_more_columns, lemuel_flamethrower_1,
          uniq_nergalle
D:12:     layout_basic, portal_ice_cave_entry_pillars_1
Temple:   kilobyte_greek_temple

Skill      XL: |  1  2  3  4  5  6  7  8  9 10 |
---------------+-------------------------------+-----
Axes           | 3 4 5 6 8 12 15 18 | 18.6
Fighting       | 4 5 6 |  6.6
Armour         | 4 5 6 |  6.5
Dodging        | 1 2 |  2.4
Shields        | 4 |  4.9
Stealth        | |  0.2

Action                   |  1- 3 |  4- 6 |  7- 9 | 10-12 || total
-------------------------+-------+-------+-------+-------++-------
Melee: War axe           |   135 |   142 |   373 |   347 ||   997
  Use: Scroll            |       |     5 |    10 |     6 ||    21
       Potion            |       |     1 |     5 |     5 ||    11
Armor: Scale mail        |    90 |    71 |   148 |    17 ||   326
       Skin              |       |     4 |     1 |       ||     5
       Chain mail        |       |       |       |   132 ||   132
Dodge: Dodged            |    71 |    67 |   167 |   189 ||   494
Block: Buckler           |    33 |    26 |    66 |    76 ||   201

Table legend: (Time is in decaauts)
 A = Elapsed time spent in this place.
 B = Non-inter-level travel time spent in this place.
 C = Inter-level travel time spent in this place.
 D = Time resting spent in this place.
 E = Time spent auto-exploring this place.
 F = Levels seen in this place.
 G = Mean time per level.
                   A        B        C        D        E       F      G
               +--------+--------+--------+--------+--------+-----+--------+
         Total |  14952 |  14455 |    497 |   3596 |   8448 |  14 | 1068.0 |
       Dungeon |  14102 |  13661 |    441 |   3317 |   8180 |  12 | 1175.2 |
        Temple |    189 |    133 |     56 |      0 |    128 |   1 |  189.0 |
        Bailey |    660 |    660 |      0 |    279 |    140 |   1 |  660.0 |
               +--------+--------+--------+--------+--------+-----+--------+

Top non-repeatable levels by time:
     D:7: 2205 daAuts
     D:3: 1667 daAuts
     D:8: 1413 daAuts
     D:4: 1385 daAuts
     D:6: 1329 daAuts
     D:9: 1195 daAuts
    D:10: 1103 daAuts
     D:1: 1081 daAuts
    D:11: 1013 daAuts
     D:2: 992 daAuts
     D:5: 714 daAuts
  Bailey: 660 daAuts
  Temple: 189 daAuts
    D:12: 1 daAuts
